 Dungeon Crawl Stone Soup version 0.29.0-10-g45618ea6d2 (webtiles) character file.

Game seed: 2387426244780352645

148 gelatine the Shooter (level 5, -1/44 HPs)
             Began as a Minotaur Hunter on Sept 2, 2022.
             Was an Initiate of Fedhas.
             Slain by Menkaure (9 damage)
             ... on level 4 of the Dungeon.
             The game lasted 00:11:48 (3619 turns).

gelatine the Shooter (Minotaur Hunter)              Turns: 3619, Time: 00:11:49

Health: -1/44      AC:  6    Str: 16    XL:     5   Next: 8%
Magic:  4/4        EV: 11    Int:  6    God:    Fedhas [......]
Gold:   162        SH:  8    Dex: 15    Spells: 4/4 levels left

rFire   . . .      SeeInvis .   n - +1 sling (vorpal)
rCold   . . .      Faith    .   w - +0 buckler
rNeg    . . .      Spirit   .   y - +3 leather armour
rPois   +          Reflect  +   (helmet restricted)
rElec   .          Harm     .   (no cloak)
rCorr   .          Rampage  .   (no gloves)
Will    .....                   (no boots)
Stlth   +.........              g - amulet of reflection
HPRegen 0.14/turn               A - ring of poison resistance
MPRegen 0.09/turn               (no ring)

@: no status effects
A: horns 2, retaliatory headbutt
a: Renounce Religion


You were on level 4 of the Dungeon.
You worshipped Fedhas.
Fedhas was noncommittal.
You visited 2 branches of the dungeon, and saw 5 of its levels.

You collected 188 gold pieces.
You spent 26 gold pieces at shops.

Inventory:

Hand Weapons
 a - a +0 shortbow
 n - a +1 vorpal sling (weapon)
Missiles
 x - a throwing net
Armour
 d - a +4 chain mail
 w - a +0 buckler (worn)
 y - a +3 leather armour (worn)
Jewellery
 g - an amulet of reflection (around neck)
 A - a ring of poison resistance (left hand)
Scrolls
 b - 2 scrolls of immolation
 i - a scroll of fog {unknown}
 j - a scroll of vulnerability {unknown}
 o - a scroll of poison {unknown}
 p - a scroll of noise {unknown}
 r - a scroll of silence {unknown}
 t - a scroll of enchant armour {unknown}
 u - a scroll of enchant weapon {unknown}
 z - a scroll of torment {unknown}
Potions
 e - a potion of flight {unknown}
 h - a potion of invisibility {unknown}
 k - a potion of ambrosia {unknown}
 l - a potion of mutation {unknown}
 m - a potion of brilliance {unknown}
 q - a potion of might {unknown}
 s - a potion of lignification {unknown}
 v - a potion of heal wounds {unknown}


   Skills:
 + Level 2.9 Fighting
 * Level 6.5 Ranged Weapons
 * Level 1.7 Armour
 + Level 2.2 Dodging
 + Level 0.8 Stealth


You had 4 spell levels left.
You didn't know any spells.
Your spell library contained the following spells:

 Spells                   Type           Power      Damage    Failure   Level
 Beastly Appendage        Tmut           0%         N/A       63%         1
 Wereblood                Tmut           0%         N/A       77%         2
 Conjure Flame            Conj/Fire      0%         6-21      94%         3
 Ignite Poison            Fire/Tmut/Pois 0%         N/A       94%         3
 Portal Projectile        Hex/Tloc       0%         N/A       94%         3
 Spider Form              Tmut/Pois      0%         N/A       94%         3
 Tukima's Dance           Hex            0%         N/A       94%         3
 Sticky Flame             Conj/Fire      0%         2d3       100%        4
 Blade Hands              Tmut           0%         N/A       100%        5


Dungeon Overview and Level Annotations

Branches:
Dungeon (4/15)             Temple (1/1) D:4

Altars:
Ashenzari
Cheibriados
Dithmenos
Elyvilon
Fedhas
Gozag
Hepliaklqana
Kikubaaqudgha
Makhleb
Nemelex Xobeh
Okawaru
Qazlal
Ru
Sif Muna
Vehumet
Xom
Yredelemnul
Zin

Shops:
D:1 *   D:3 *

Annotations:
D:3 3 runed translucent doors, fingers's ghost, weakling DsFi
D:4 Menkaure


Innate Abilities, Weirdness & Mutations

You have a pair of horns on your head.
You reflexively headbutt those who attack you in melee.


Message History

You feel better. You block Menkaure's attack.
Fire: n) +1 sling (vorpal)
Press: ? - help, Q - select action, (/) - cycle Shift-Dir - straight line, f/p - Menkaure
Aim: Menkaure (moderately damaged, fast, 76% to hit)
You shoot a sling bullet.
The sling bullet hits Menkaure but does no damage.
Menkaure is moderately damaged.
You block Menkaure's attack. Menkaure hits you!
Fire: n) +1 sling (vorpal)
Press: ? - help, Q - select action, (/) - cycle Shift-Dir - straight line, f/p - Menkaure
Aim: Menkaure (moderately damaged, fast, 76% to hit)
You shoot a sling bullet.
The sling bullet hits Menkaure but does no damage.
Menkaure is moderately damaged.
Menkaure barely misses you.
Fire: n) +1 sling (vorpal)
Press: ? - help, Q - select action, (/) - cycle Shift-Dir - straight line, f/p - Menkaure
Aim: Menkaure (moderately damaged, fast, 76% to hit)
You shoot a sling bullet. The sling bullet hits Menkaure.
Menkaure is heavily damaged.
Menkaure hits you.
* * * LOW HITPOINT WARNING * * *
Fire: n) +1 sling (vorpal)
Press: ? - help, Q - select action, (/) - cycle Shift-Dir - straight line, f/p - Menkaure
Aim: Menkaure (heavily damaged, fast, 76% to hit)
You shoot a sling bullet. The sling bullet hits Menkaure.
Menkaure is heavily damaged.
Menkaure calls on the powers of darkness!
Your body is wracked with pain!
* * * LOW HITPOINT WARNING * * *
Menkaure hits you but does no damage.
Fire: n) +1 sling (vorpal)
Press: ? - help, Q - select action, (/) - cycle Shift-Dir - straight line, f/p - Menkaure
Aim: Menkaure (heavily damaged, fast, 76% to hit)
You shoot a sling bullet.
The sling bullet hits Menkaure but does no damage.
Menkaure is heavily damaged.
Menkaure hits you!
You die...
Fedhas appreciates your contribution to the ecosystem.

#...#.###..##.##.###...
#......................
....#.####.#..#...#....#
#..>#.# #...##...## .#
#...#.# #..##.....# .#
....<.# #.##..#.#..##.#
.##.### #..[.##.##....#
... #...##..†##...#####
.... #......@...........
.#.#
#....##.M.##....#### ...
.........##.##.S...# ...
#####.##..#.#S.##..# ...
#. #[....## ..# ..
##...# ..# #.# #...# ##
#. l..... .#.##


You could see Menkaure (fast).

Vanquished Creatures
  2 iguanas
  A gnoll (D:1)
  4 adders (D:2)
  A worm (D:4)
  2 dart slugs
  An orc (D:3)
  3 ball pythons
  4 endoplasms
  5 hobgoblins
  2 jackals (D:2)
  5 quokkas
  3 bats
  2 frilled lizards (D:3)
  8 goblins
  6 kobolds
  4 rats
53 creatures vanquished.

Vanquished Creatures (others)
  3 plants (D:1)
3 creatures vanquished.

Grand Total: 56 creatures vanquished

Notes
Turn   | Place    | Note
-------+----------+-------------------------------------------
     0 | D:1      | gelatine the Minotaur Hunter began the quest for the Orb.
     0 | D:1      | Reached XP level 1. HP: 18/18 MP: 0/0
    36 | D:1      | Found Yxyomoru's General Store.
   289 | D:1      | Reached XP level 2. HP: 21/25 MP: 1/1
   407 | D:1      | Reached skill level 5 in Ranged Weapons
   553 | D:1      | Reached XP level 3. HP: 24/30 MP: 2/2
  1216 | D:2      | You fall into a shaft and drop 2 floors!
  1527 | D:2      | Reached skill level 1 in Armour
  1547 | D:2      | Reached XP level 4. HP: 18/37 MP: 3/3
  1710 | D:2      | Reached skill level 6 in Ranged Weapons
  1963 | D:3      | Found Pizehob's General Store.
  1970 | D:3      | Bought a scroll of identify for 26 gold pieces
  2594 | D:3      | Found a runed translucent gate.
  2594 | D:3      | Found a runed translucent gate.
  2595 | D:3      | Found a runed translucent gate.
  2597 | D:3      | Noticed fingers's ghost (weakling DsFi)
  3030 | D:4      | Found a staircase to the Ecumenical Temple.
  3045 | Temple   | Entered the Ecumenical Temple
  3282 | Temple   | Became a worshipper of Fedhas Madash
  3305 | D:4      | Noticed Menkaure
  3605 | D:4      | Reached XP level 5. HP: 19/44 MP: 4/4
  3619 | D:4      | Slain by Menkaure

Illustrated notes

Levels and vault maps discovered:
D:1:      dpeg_arrival_lava_temple_mockup, layout_basic, serial_shops,
          nicolae_shop_advertising_works [nicolae_subvault_shop_adworks],
          minivault_27, dk_noncrumbling_4, nicolae_grassy_gnolls
D:2:      layout_basic
D:3:      layout_basic, gammafunk_ghost_necromancy, serial_shops, shop,
          serial_co_window_serial, co_window_paths_b, co_window_paths_b,
          co_window_paths_b, co_window_of_opportunity_a, co_window_paths_a,
          co_window_corner_b, co_window_2corner, co_window_unsneaky_path_e,
          grunt_decor_clamped
D:4:      layout_loops_cross, minmay_temple_entry_waves, uniq_menkaure
Temple:   regret_index_temple_mists

Skill      XL: |  1  2  3  4 |
---------------+-------------+-----
Ranged Weapons | 5 6 |  6.5
Armour         | 1 |  1.7
Fighting       | |  2.9
Dodging        | |  2.2
Stealth        | |  0.8

Action                   |  1- 3 |  4- 6 || total
-------------------------+-------+-------++-------
 Fire: Shortbow          |    73 |       ||    73
       Sling             |    37 |    65 ||   102
  Use: Scroll            |       |     3 ||     3
       Potion            |       |     3 ||     3
Armor: Chain mail        |    51 |    15 ||    66
       Leather armour    |       |     6 ||     6
Dodge: Dodged            |    25 |    22 ||    47
Block: Other             |    13 |     1 ||    14
       Buckler           |       |    10 ||    10
